[ AOE2 MATCH · #507325047 ]
UnrankedBritons vs Celts
Player's team · LOSS
Rival team · WIN
[ REPLAY ANALYSIS · EXTRACTED FROM THE RECORDED GAME ]
Feudal
—
Castle
—
Imperial
—
| APM avg | 32.4 |
| APM peak | 57 |
| eAPM avg | 11.2 |
| Villagers / military | 18 / 0 |
Focus
⚔️ 12.2% · 🌾 87.8%
Feudal
9:47
Castle
—
Imperial
—
| APM avg | 38.5 |
| APM peak | 66 |
| eAPM avg | 12.4 |
| Villagers / military | 19 / 0 |
Focus
⚔️ 19.5% · 🌾 80.5%
Match map
Initial resources + every placement click. Lines = walls · curves = elevation contours. ◆ gold · ⬟ stone · ● berries · ✦ relic · ◌ wall gap
Your base· Open — unwalled flank
Medusinnn's base· Open — 2t gap
Smoothed initial terrain · ◌ = detected wall gap · hover for details
Inputs per minute
— Night Wolf - - Medusinnn
Build order — Night Wolf
24 actions detected in the replay
| 0:02 | Queue | Villager (Male) ×4 |
| 0:05 | Build | House |
| 0:06 | Build | House |
| 1:40 | Queue | Villager (Male) |
| 1:47 | Build | Lumber Camp |
| 2:12 | Queue | Villager (Male) |
| 2:29 | Queue | Villager (Male) |
| 2:41 | Queue | Villager (Male) |
| 2:47 | Build | House |
| 2:55 | Queue | Villager (Male) |
| 3:29 | Queue | Villager (Male) |
| 3:42 | Queue | Villager (Male) |
| 4:15 | Queue | Villager (Male) |
| 7:43 | Build | Lumber Camp |
| 9:48 | Build | Town Center |
| 10:36 | Queue | Villager (Male) |
| 11:07 | Queue | Villager (Male) |
| 11:47 | Queue | Villager (Male) |
| 12:14 | Queue | Villager (Male) |
| 12:22 | Build | Outpost |
| 12:51 | Research | Loom |
| 14:05 | Queue | Villager (Male) |
| 14:32 | Queue | Villager (Male) |
| 14:38 | Build | Lumber Camp |
Build order — Medusinnn
43 actions detected in the replay
| 0:01 | Queue | Villager (Male) |
| 0:01 | Queue | Villager (Male) |
| 0:02 | Build | House |
| 0:05 | Build | House |
| 0:37 | Queue | Villager (Male) |
| 1:12 | Queue | Villager (Male) |
| 1:32 | Queue | Villager (Male) |
| 2:08 | Queue | Villager (Male) |
| 2:17 | Build | Lumber Camp |
| 2:41 | Queue | Villager (Male) |
| 3:11 | Build | House |
| 3:14 | Queue | Villager (Male) |
| 3:19 | Queue | Villager (Male) |
| 4:07 | Queue | Villager (Male) |
| 4:07 | Queue | Villager (Male) |
| 4:07 | Queue | Villager (Male) |
| 4:42 | Queue | Villager (Male) |
| 4:43 | Queue | Villager (Male) |
| 5:34 | Queue | Villager (Male) |
| 5:34 | Queue | Villager (Male) |
| 5:51 | Build | Mill |
| 6:08 | Queue | Villager (Male) |
| 6:09 | Research | Loom |
| 7:37 | Research | Feudal Age |
| 8:10 | Build | House |
| 9:08 | Build | Palisade Wall |
| 9:10 | Build | Palisade Wall |
| 9:14 | Build | Palisade Wall |
| 9:17 | Build | Palisade Wall |
| 9:19 | Build | Palisade Wall |
| 9:33 | Build | Palisade Wall |
| 9:34 | Build | Palisade Wall |
| 9:39 | Build | Palisade Wall |
| 9:41 | Build | Palisade Wall |
| 9:44 | Build | Palisade Wall |
| 9:47 | Age | Feudal Age |
| 9:51 | Queue | Villager (Male) |
| 9:51 | Queue | Villager (Male) |
| 9:54 | Build | Market |
| 9:56 | Build | Blacksmith |
| 11:15 | Research | Castle Age |
| 11:51 | Build | Mining Camp |
| 14:12 | Build | Town Center |
Match timeline
| 9:08 | Medusinnn · wall_segment Palisade Wall x2 |
| 9:10 | Medusinnn · wall_segment Palisade Wall x2 |
| 9:14 | Medusinnn · wall_segment Palisade Wall x2 |
| 9:17 | Medusinnn · wall_segment Palisade Wall x2 |
| 9:19 | Medusinnn · wall_segment Palisade Wall x1 |
| 9:33 | Medusinnn · wall_segment Palisade Wall x1 |
| 9:34 | Medusinnn · wall_segment Palisade Wall x2 |
| 9:39 | Medusinnn · wall_segment Palisade Wall x2 |
| 9:41 | Medusinnn · wall_segment Palisade Wall x1 |
| 9:44 | Medusinnn · wall_segment Palisade Wall x1 |
| 9:47 | Medusinnn · age_up feudal |
| 10:56 | Medusinnn · first_market_sell 100 stone |
| 12:45 | Medusinnn · first_market_buy 100 wood |
| 15:54 | Night Wolf · resign |
[ AI ANALYSIS · 1 CREDIT ]
What really happened in this match?
Wolo.gg analyzes every decision: build order, eco, micro, common mistakes by bracket. Personalized analysis on WhatsApp or Discord in 30 seconds.
Civ guide
Britons
Perfil
Jugador #3957119